 Dungeon Crawl Stone Soup version 0.27.1-4-g1640c2035a (webtiles) character file.

Game seed: 12323931900508336452

308 AarnesTheHuman the Skirmisher (level 6, -9/51 HPs)
             Began as a Barachi Fighter on Nov 1, 2021.
             Mangled by an orc warrior (14 damage)
             ... on level 3 of the Dungeon.
             The game lasted 00:09:39 (5009 turns).

AarnesTheHuman the Skirmisher (Barachi Fighter)     Turns: 5009, Time: 00:09:39

Health: -9/51      AC:  8    Str: 18    XL:     6   Next: 40%
Magic:  6/6        EV:  7    Int:  9    God:
Gold:   223        SH: 10    Dex: 12    Spells: 5/5 levels left

rFire    . . .     SeeInvis .   b - +2 dagger (venom)
rCold    . . .     Faith    .   c - +1 kite shield
rNeg     . . .     Spirit   .   k - +0 scale mail
rPois    .         Reflect  .   q - +0 helmet
rElec    .         Harm     .   (no cloak)
rCorr    .         Rampage  .   (no gloves)
Will     .....                  (no boots)
Stlth    ..........             (no amulet)
HPRegen  0.17/turn              (no ring)
MPRegen  0.10/turn              (no ring)

@: unable to hop, slow
A: amphibious, slowness 1, strong legs 1, +LOS
a: Hop


You were on level 3 of the Dungeon.
You visited 1 branch of the dungeon, and saw 5 of its levels.

You collected 223 gold pieces.

Inventory:

Hand Weapons
 a - a +0 long sword
 b - a +2 dagger of venom (weapon)
 r - a +0 hunting sling
 s - a +0 dagger
 u - a +2 war axe of freezing
Missiles
 g - 12 sling bullets
 i - 10 poisoned darts (quivered)
 l - 114 stones
 p - 6 boomerangs
Armour
 c - a +1 kite shield (worn)
 k - a +0 scale mail (worn)
 q - a +0 helmet (worn)
 t - a +0 plate armour
Scrolls
 e - a scroll of teleportation
 f - 3 scrolls of identify
 h - a scroll of acquirement
Potions
 d - 2 potions of might
 j - 5 potions of resistance
 m - 2 potions of berserk rage {unknown}
 n - a potion of cancellation {unknown}
 o - 2 potions of curing {unknown}


   Skills:
 + Level 5.2 Fighting
 + Level 4.4 Long Blades
 + Level 5.2 Armour
 + Level 4.7 Shields


You had 5 spell levels left.
You didn't know any spells.
Your spell library contained the following spells:

 Spells                   Type           Power      Damage    Failure   Level
 Corpse Rot               Necr/Air       N/A        N/A       100%        2
 Dispel Undead            Necr           0%         3d6       100%        4
 Death Channel            Necr           0%         N/A       100%        6


Dungeon Overview and Level Annotations

Branches:
Dungeon (5/15)
 Temple: D:4-7

Altars:
Fedhas
Qazlal
Trog


Innate Abilities, Weirdness & Mutations

You are amphibious.
You cover ground slowly.
You can hop short distances.
You have an extended range of vision and can be seen from far away.


Message History

You closely miss the orc warrior.
The orc warrior is moderately wounded.
The orc warrior hits you with a +0 long sword!
You hit the orc warrior but do no damage.
The orc warrior looks as sick as possible!
The orc warrior is heavily wounded.
The orc warrior hits you with a +0 long sword!
* * * LOW HITPOINT WARNING * * *
You barely miss the orc warrior.
The orc warrior is heavily wounded.
The orc warrior hits you with a +0 long sword.
* * * LOW HITPOINT WARNING * * *
You hit the orc warrior but do no damage.
The orc warrior looks as sick as possible!
The orc warrior is heavily wounded.
The orc warrior hits you with a +0 long sword!
* * * LOW HITPOINT WARNING * * *
Okay, then.
Unknown command.
Okay, then.
Unknown command.
Unknown command.
You aren't carrying any items that you can evoke.
Unknown command.
Unknown command.
You barely miss the orc warrior.
The orc warrior is heavily wounded.
You block the orc warrior's attack.
The orc warrior hits you but does no damage.
You hit the orc warrior.
The orc warrior looks as sick as possible!
The orc warrior is severely wounded.
You block the orc warrior's attack.
You barely miss the orc warrior.
The orc warrior is severely wounded.
The orc warrior closely misses you.
You barely miss the orc warrior.
The orc warrior is almost dead.
The orc warrior hits you with a +0 long sword!
You die...

####..........#.........#
#.......##.#..######.#
##.....###.#....####.##
###...####.#.###.##...#
#............# #......###
#.########.#.###........#
#.# #.#....####.##†# #.#
#.#.o### #.##.# #.# #.#.@#
#.##.# #.#
###.#..######.##.# ###.###
#...#.........##.# #.....#
#.###..####...##.# #.###)#
##.###.## #.####.# ##.#
#†###...##.# #.# #.#
...###..........# #.# #.#
.#.....###<.....#####.####.#
...###.# ##.#.#............#


You could see an orc warrior (extremely poisoned).

Vanquished Creatures
  A scorpion (D:4)
  A hound (D:4)
  Robin (D:4)
  A howler monkey skeleton (D:4)
  7 adders
  An adder skeleton (D:4)
  3 worms
  5 dart slugs
  An orc (D:3)
  7 endoplasms
  3 giant cockroaches
  17 goblins
  13 hobgoblins
  6 jackals
  13 kobolds
  5 quokkas (D:1)
  4 ball pythons
  6 bats
  5 frilled lizards
  10 rats
110 creatures vanquished.

Vanquished Creatures (others)
  3 plants
3 creatures vanquished.

Grand Total: 113 creatures vanquished

Notes
Turn   | Place    | Note
-------+----------+-------------------------------------------
     0 | D:1      | AarnesTheHuman the Barachi Fighter began the quest for the
                  | Orb.
     0 | D:1      | Reached XP level 1. HP: 18/18 MP: 1/1
    34 | D:1      | Reached XP level 2. HP: 23/25 MP: 2/2
   354 | D:1      | Reached XP level 3. HP: 27/30 MP: 3/3
  1266 | D:2      | Reached XP level 4. HP: 27/37 MP: 4/4
  1458 | D:2      | Found a faded altar of an unknown god.
  2250 | D:3      | Found a blossoming altar of Fedhas.
  2703 | D:3      | Reached XP level 5. HP: 38/43 MP: 5/5
  3091 | D:3      | Found a bloodstained altar of Trog.
  3818 | D:4      | Identified a scroll of acquirement
  4016 | D:4      | Reached skill level 5 in Fighting
  4016 | D:4      | Reached skill level 5 in Armour
  4016 | D:4      | Reached XP level 6. HP: 51/51 MP: 6/6
  4096 | D:4      | Noticed Robin
  4237 | D:4      | Killed Robin
  4558 | D:4      | Found a stormy altar of Qazlal.
  4933 | D:5      | Entered Level 5 of the Dungeon
  4933 | D:5      | Noticed an orc warrior
  4963 | D:5      | Noticed an ice beast
  5009 | D:3      | Mangled by an orc warrior

Illustrated notes

Levels and vault maps discovered:
D:1:      dpeg_arrival_rooms_c, layout_loops_ring, serial_bayou_lagoon_b
D:2:      layout_loops_cross, chequers_ecumenical_altar_island
D:3:      layout_loops_ring, trog_hazing_becter, fedhas_altar_1,
          serial_bayou_pond_a, minivault_24, minmay_fractal_squares_5
D:4:      minmay_inner_zag, layout_rooms, mainiacjoe_overflow_tiny_flanked,
          uniq_robin
D:5:      layout_rooms, nicolae_overflow_crystal_walls, serial_bayou_pond_e,
          uniq_prince_ribbit1, uniq_sigmund, uniq_pikel

Skill      XL: |  1  2  3  4  5 |
---------------+----------------+-----
Fighting       | 4 5 |  5.2
Armour         | 4 5 |  5.2
Long Blades    | 3 4 |  4.4
Shields        | 4 |  4.7

Action                   |  1- 3 |  4- 6 || total
-------------------------+-------+-------++-------
Melee: Long sword        |   133 |    83 ||   216
       Dagger            |       |   174 ||   174
Throw: Dart              |       |     4 ||     4
 Abil: Hop               |       |     1 ||     1
  Use: Scroll            |       |     6 ||     6
Armor: Scale mail        |    72 |    92 ||   164
Dodge: Dodged            |    32 |    72 ||   104
Block: Kite shield       |    84 |   119 ||   203
       Rpst.: Long sword |    13 |     6 ||    19
